 Dungeon Crawl Stone Soup version 0.18.1-47-g9310371 (webtiles) character file.

110 spiff the Shooter (level 4, 0/28 HPs)
             Began as a High Elf Arcane Marksman on June 23, 2016.
             Succumbed to kobold's curare-tipped needle
             ... on level 2 of the Dungeon.
             The game lasted 00:08:29 (3399 turns).

spiff the Shooter (High Elf Arcane Marksman)        Turns: 3399, Time: 00:08:29

Health: 0/28       AC:  2    Str: 15    XL:     4   Next: 61%
Magic:  6/6        EV: 12    Int: 19    God:
Gold:   60         SH:  0    Dex: 15    Spells: 2 memorised, 2 levels left

rFire  . . .     SeeInvis .     n - +0 falchion
rCold  . . .     Gourm    .     b - +0 robe
rNeg   . . .     Faith    .     (no shield)
rPois  .         Spirit   .     (helmet restricted)
rElec  .         Dismiss  .     (no cloak)
rCorr  .         Reflect  .     (no gloves)
SustAt .         Harm     .     (no boots)
MR     .....                    (no amulet)
Stlth  +.........               (no ring)
                                (no ring)

@: mighty, lethally poisoned (0 -> -10), slowed, very slow, not resistant to
hostile enchantments, very unstealthy
A: horns 1, clever 1, deterioration 1
a: no special abilities


You were on level 2 of the Dungeon.
You were hungry.

You visited 1 branch of the dungeon, and saw 3 of its levels.

You collected 60 gold pieces.

Inventory:

Hand Weapons
 a - a +0 shortbow
 n - a +0 falchion (weapon)
Missiles
 d - 10 arrows
Armour
 b - a +0 robe (worn)
Scrolls
 e - 3 scrolls of remove curse
 k - a scroll of magic mapping
Potions
 g - a potion of cancellation
 l - a potion of haste
Books
 c - a book of Debilitation

   Spells                             Type                      Level
   a - Corona                         Hexes                        1
   b - Slow                           Hexes                        2
   c - Gell's Gravitas                Hexes/Translocation          3
   d - Inner Flame                    Hexes/Fire                   3
   e - Cause Fear                     Hexes                        4
   f - Leda's Liquefaction            Hexes/Earth                  4
Comestibles
 f - a bread ration


   Skills:
 - Level 1.0 Fighting
 + Level 3.1 Long Blades
 - Level 5.2 Bows
 - Level 2.1 Dodging
 - Level 1.2 Spellcasting
 - Level 3.0 Hexes


You had 2 spell levels left.
You knew the following spells:

 Your Spells              Type           Power        Failure   Level  Hunger
a - Corona                Hex            ##.....      8%          1    ##.....
s - Slow                  Hex            ##......     10%         2    ###....


Dungeon Overview and Level Annotations

Branches:
Dungeon (3/15)

Altars:
Vehumet
Xom


Innate Abilities, Weirdness & Mutations

You have a pair of small horns on your head.
Your mind is acute. (Int +2)
Your body sometimes deteriorates upon taking damage.


Message History

You feel very sick.
Drink which item? (? for menu, Esc to quit)
You feel extremely strange.
You feel clever. A pair of horns grows on your head!
You feel yourself wasting away.
You feel sick.
Drink which item? (? for menu, Esc to quit)
You feel very mighty all of a sudden.
* * * LOW HITPOINT WARNING * * *
You feel sick.
There is a lethal amount of poison in your body!
* * * LOW HITPOINT WARNING * * *
You feel sick.
* * * LOW HITPOINT WARNING * * *
You feel sick.
* * * LOW HITPOINT WARNING * * *
You feel sick.
* * * LOW HITPOINT WARNING * * *
You feel sick.
You die...

...# #.# #.#
#.# #### #.#
#.# #.# # #.#
#.# #.# # #.#
#.# #.# #
#.###########.#
#.# #
#.<....^......#
#.# #
###############
#.# #
########### #.#
# #.......@.#
#.# #
#.#######.# #.#
# #.# #.# #.# #
#.# #####.###
#.# #########.#
#.......# #.#
..........#
#.#####.# #.#
########### #.#
#.######.# ###
#.# #........#
#.. ######.#
#.######## #.#


There were no monsters in sight!

Vanquished Creatures
  4 adders (D:2)
  2 oozes
  A worm (D:2)
  2 dart slugs (D:1)
  3 giant geckos (D:2)
  A ball python (D:2)
  6 bats
  A giant cockroach (D:1)
  8 goblins
  4 hobgoblins
  8 jackals
  2 quokkas (D:2)
  4 giant newts
  5 kobolds
  4 rats
55 creatures vanquished.

Notes
Turn   | Place    | Note
--------------------------------------------------------------
     0 | D:1      | spiff the High Elf Arcane Marksman began the quest for the Orb.
     0 | D:1      | Reached XP level 1. HP: 13/13 MP: 3/3
   124 | D:1      | Found a shimmering altar of Xom.
   129 | D:1      | Reached skill level 3 in Bows
   213 | D:1      | Reached XP level 2. HP: 18/18 MP: 4/4
   225 | D:1      | Reached skill level 4 in Bows
   506 | D:1      | Reached XP level 3. HP: 21/23 MP: 5/5
   872 | D:2      | Reached skill level 5 in Bows
  1577 | D:2      | Reached skill level 1 in Long Blades
  1835 | D:2      | Reached XP level 4. HP: 19/28 MP: 4/6
  2214 | D:2      | Found a radiant altar of Vehumet.
  3083 | D:3      | Learned a level 2 spell: Slow
  3393 | D:2      | Gained mutation: Your mind is acute. (Int +2) [potion of mutation]
  3393 | D:2      | Gained mutation: You have a pair of small horns on your head. [potion of mutation]
  3393 | D:2      | Gained mutation: Your body sometimes deteriorates upon taking damage. [potion of mutation]
  3398 | D:2      | HP: 1/28 [poisoned by kobold (curare-tipped needle)]
  3399 | D:2      | Succumbed to kobold's curare-tipped needle

Skill      XL: |  1  2  3  4 |
---------------+-------------+-----
Bows           | 3 4 5 |  5.2
Long Blades    | 2 3 |  3.1
Fighting       | |  1.0
Dodging        | |  2.1
Spellcasting   | |  1.2
Hexes          | |  3.0

Action                   |  1- 3 |  4- 6 || total
-------------------------+-------+-------++-------
Melee: Club              |    60 |       ||    60
       Falchion          |    17 |    51 ||    68
 Fire: Shortbow          |    66 |     8 ||    74
 Cast: Corona            |    18 |     7 ||    25
  Use: Scroll            |       |     6 ||     6
       Potion            |       |     2 ||     2
  Eat: Chunk             |     3 |     5 ||     8
Armor: Robe              |    19 |    14 ||    33
Dodge: Dodged            |   106 |    49 ||   155
